 Dungeon Crawl Stone Soup version 0.30-a0-210-g01b79a254e (webtiles) character file.

Game seed: 606907254794039664

7632 KennySheep the Transmogrifier (level 10, 0/49 HPs)
             Began as a Vampire Earth Elementalist on Oct 4, 2022.
             Was a High Priest of Hepliaklqana.
             Slain by a killer bee (1 damage)
             ... on level 10 of the Dungeon.
             The game lasted 00:43:56 (8286 turns).

KennySheep the Transmogrifier (VpEE)                Turns: 8286, Time: 00:43:56

Health: 0/49       AC:  0    Str:  5 (7)  XL:     10   Next: 98%
Magic:  13/13      EV: 20    Int: 21 (23) God:    Hepliaklqana [*****.]
Gold:   214        SH:  0    Dex: 17 (19) Spells: 0/13 levels left

rFire   . . .      SeeInvis +      - Unarmed
rCold   + + .      Faith    .    (shield currently unavailable)
rNeg    + + +      Spirit   .    (body armour currently unavailable)
rPois   ∞          Reflect  .    (helmet currently unavailable)
rElec   .          Harm     .    (cloak currently unavailable)
rCorr   .          Rampage  .    (gloves currently unavailable)
Will    +....                    (boots currently unavailable)
Stlth   +++++.....               q - amulet of magic regeneration
HPRegen 0.00/turn                (ring currently unavailable)
MPRegen 0.53/turn                (ring currently unavailable)

@: lethally poisoned (0 -> 0), bat-form, flying, bloodless, inhibited regen,
very quick
A: fast, flying, no casting, reduced essence, tiny, bloodless, fangs 3, see
invisible, vampiric 2
a: Revivify, End Transformation, Renounce Religion, Recall Ancestor, Ancestor
Identity, Transference, Idealise


You were on level 10 of the Dungeon.
You worshipped Hepliaklqana.
Hepliaklqana was extremely pleased with you.
You were a vampire bat.
You visited 2 branches of the dungeon, and saw 11 of its levels.

You collected 423 gold pieces.
You spent 209 gold pieces at shops.

Inventory:

Hand Weapons
 a - a +5 rapier of venom (melded)
Armour
 w - a +2 ring mail of cold resistance (melded)
 E - a +0 pair of gloves (melded)
Magical Staves
 b - a staff of earth
Jewellery
 e - a +4 ring of evasion (melded)
 j - a ring of resist corrosion
 m - a +4 ring of slaying (melded)
 n - a +6 ring of dexterity
 q - an amulet of magic regeneration (around neck)
 D - a ring of protection from cold
 G - a ring of willpower
Wands
 v - a wand of roots (21)
 F - a wand of digging (6)
 K - a wand of quicksilver (19)
Scrolls
 c - a scroll of blinking {unknown}
 d - 4 scrolls of identify
 i - a scroll of brand weapon
 s - 3 scrolls of enchant armour
 t - 2 scrolls of torment
 y - 2 scrolls of teleportation
 z - 3 scrolls of magic mapping
 A - a scroll of fog
 H - a scroll of silence
 L - 2 scrolls of amnesia {unknown}
 M - 2 scrolls of immolation
 O - a scroll of fear
Potions
 f - 11 potions of curing {unknown}
 g - 2 potions of haste {unknown}
 h - a potion of mutation {unknown}
 k - 2 potions of attraction {unknown}
 l - a potion of magic
 o - a potion of cancellation {unknown}
 p - a potion of invisibility {unknown}
 r - 2 potions of berserk rage
 u - 3 potions of heal wounds {unknown}
 x - a potion of flight {unknown}
 B - 3 potions of degeneration {unknown}
 C - a potion of might {unknown}
 I - 2 potions of resistance {unknown}
Miscellaneous
 N - a box of beasts


   Skills:
 + Level 3.5 Fighting
 - Level 6.3 Short Blades
 - Level 2.6 Dodging
 - Level 3.6 Stealth
 + Level 3.9 Unarmed Combat
 - Level 2.3 Spellcasting
 * Level 11.3 Transmutations
 * Level 10.8 Earth Magic
 - Level 1.2 Invocations


You couldn't memorise any spells.
You knew the following spells:

 Your Spells              Type           Power      Damage    Failure   Level
a - Sandblast             Erth           94%        2d19      1%          1
b - Passwall              Tmut/Erth      40%        N/A       1%          2
c - Petrify               Tmut/Erth      48%        N/A       1%          4
d - Statue Form           Tmut/Erth      32%        N/A       24%         6

Your spell library contained the following spells:

 Spells                   Type           Power      Damage    Failure   Level
 Beastly Appendage        Tmut           98%        N/A       1%          1
 Wereblood                Tmut           49%        N/A       1%          2
 Stone Arrow              Conj/Erth      50%        3d10      4%          3
 Kiss of Death            Conj/Necr      8%         2d6       14%         1
 Slow                     Hex            8%         N/A       14%         1
 Blink                    Tloc           4%         N/A       22%         2
 Momentum Strike          Conj/Tloc      4%         3d8       22%         2
 Confusing Touch          Hex            2%         N/A       41%         3
 Lesser Beckoning         Tloc           4%         N/A       41%         3
 Ozocubu's Armour         Ice            2%         N/A       41%         3
 Summon Guardian Golem    Hex/Summ       2%         N/A       41%         3
 Vampiric Draining        Necr           2%         2d6       41%         3
 Dispel Undead            Necr           2%         3d7       82%         4
 Fireball                 Conj/Fire      1%         3d3       99%         5
 Iskenderun's Battlesphe  Conj           2%         2d6       99%         5
 Conjure Ball Lightning   Conj/Air       1%         3x3d6     100%        6
 Orb of Destruction       Conj           1%         9d5       100%        7
 Ozocubu's Refrigeration  Ice            1%         4d7       100%        7
 Spellforged Servitor     Conj/Summ      1%         N/A       100%        7


Dungeon Overview and Level Annotations

Branches:
Dungeon (10/15)            Temple (1/1) D:5
   Lair: D:8-11         Orc: D:9-12

Altars:
Cheibriados
Dithmenos
Fedhas
Gozag
Hepliaklqana
Makhleb
Nemelex Xobeh
Okawaru
Sif Muna
Uskayaw
Xom

Shops:
D:2 (==(*   D:8 (

Annotations:
D:6 2 transporters


Innate Abilities, Weirdness & Mutations

You are a vampire bat.
You are tiny and dextrous.
You move quickly.
You are flying.
You are immune to poison.
Your equipment is almost entirely melded.
You are incapable of wielding weapons or throwing items.
You cannot cast spells.
Your life essence is reduced to manifest your ancestor. (-10% HP)
You do not regenerate when monsters are visible.
You are frail without blood (-20% HP).
You can heal yourself when you bite living creatures.
You are immune to poison.
You have razor-sharp teeth.
You have supernaturally acute eyesight. (SInv)
You are afflicted with vampirism and can become a bat while bloodless.


Message History

You are lethally poisoned!
The killer bee poisons you!
You continue bloodletting.
* * * LOW HITPOINT WARNING * * *
You feel very sick. The killer bee stings you.
* * * LOW HITPOINT WARNING * * *
The killer bee stings you but does no damage.
You become bloodless.
Okay, then.
The killer bee stings you but does no damage.
You turn into a vampire bat.
Your +5 rapier of venom melds into your body.
Your +0 pair of gloves melds into your body.
Your +2 ring mail of cold resistance melds into your body.
Your +4 ring of evasion melds into your body.
Your +4 ring of slaying melds into your body.
Your +5 rapier of venom stops dripping with poison.
You feel less resistant to cold.
You feel weakened.
You feel dopey.
You feel clumsy. The killer bee misses you. The killer bee closely misses you.
The killer bee closely misses you.
The killer bee attacks as you move away!
The killer bee barely misses you. The killer bee completely misses you.
The killer bee attacks as you move away!
The killer bee misses you.
The killer bee attacks as you move away!
The killer bee completely misses you.
J Lo emerges from the mists of memory!
The killer bee barely misses you.
The killer bee attacks as you move away!
The killer bee misses you.
The killer bee attacks as you move away!
The killer bee misses you.
J Lo points at the killer bee and mumbles some strange words.
The killer bee resists with significant effort.
The killer bee stings J Lo!
Something stings J Lo.
The killer bee attacks as you move away!
The killer bee stings you.
You die...

###### ####
#....########################...
#...............................
##...............................
................Ryy..............
..........####..y######..........
.#####..).#..#..b#....#'#........
.# #....#..#...#......#......##
.########.'..###'#......#......#
....#..8#.#.............#......#
......._###).)#######..>#.....##
....#..8#...}.# #...#.....#
....#####.....# #...#.....#
#.......#..)..# #...#.....#
#.......#...).# #...# ###


You could see the friendly J Lo the hexer and 2 killer bees.

Vanquished Creatures
  A two-headed ogre (D:9)
  Pikel (D:8)
  A troll (D:9)
  Grinder (D:6)
  3 yaks (D:8)
  A basilisk (D:8)
  2 vampire mosquitoes (D:10)
  A water moccasin (D:6)
  An acid dragon (D:9)
  Duvessa (D:6)
  A black bear (D:6)
  A sky beast (D:8)
  An ice beast (D:8)
  3 orc warriors
  2 ogres
  2 phantoms (D:5)
  4 bullfrogs
  12 wights
  Dowan (D:6)
  3 killer bees (D:10)
  2 howler monkeys (D:9)
  2 jellies
  2 hounds (D:6)
  2 iguanas
  5 orc wizards
  Natasha (thrice) (D:4)
  9 gnolls
  5 adders
  A shadow imp (D:6)
  A white imp (D:6)
  2 worms
  3 dart slugs
  28 orcs
  6 ball pythons
  4 endoplasms
  4 giant cockroaches
  17 goblins
  9 hobgoblins
  3 jackals (D:3)
  9 kobolds
  2 quokkas (D:1)
  6 bats
  5 frilled lizards
  9 rats
182 creatures vanquished.

Vanquished Creatures (collateral kills)
  An efreet (D:8)
  3 yaks (D:8)
  2 steam dragons
  A vampire mosquito (D:10)
  2 sky beasts
  An ice beast (D:6)
  2 centaurs
  A phantom (D:5)
  A bullfrog (D:8)
  A scorpion (D:6)
  A necrophage (D:5)
  5 wights
  3 killer bees (D:10)
  2 howler monkeys
  2 orc priests
  A gnoll bouda (D:7)
  An iguana (D:5)
  3 orc wizards
  Robin (D:2)
  3 gnolls
  A shadow imp (D:5)
  An ufetubus (D:6)
  A dart slug (D:6)
  3 orcs
  A bat (D:1)
  An endoplasm (D:2)
  7 goblins
  A hobgoblin (D:2)
  A frilled lizard (D:2)
  A butterfly (D:5)
55 creatures vanquished.

Vanquished Creatures (others)
  5 hexers
  A plant (D:2)
6 creatures vanquished.

Grand Total: 243 creatures vanquished

Notes
Turn   | Place    | Note
-------+----------+-------------------------------------------
     0 | D:1      | KennySheep the Vampire Earth Elementalist began the quest
                  | for the Orb.
     0 | D:1      | Reached XP level 1. HP: 13/13 MP: 3/3
    63 | D:1      | Found a faded altar of an unknown god.
    69 | D:1      | Prayed at the altar of an unknown god.
    69 | D:1      | Became a worshipper of Hepliaklqana the Forgotten
    69 | D:1      | Reached * piety under Hepliaklqana
   237 | D:1      | Reached XP level 2. HP: 17/17 MP: 3/5
   624 | D:1      | Learned a level 2 spell: Passwall
   857 | D:2      | Gained mutation: You are afflicted with vampirism and can
                  | become a bat while bloodless. [Vampire growth]
   857 | D:2      | Reached XP level 3. HP: 22/22 MP: 1/6
   955 | D:2      | Found Ficopuiq's General Store.
   955 | D:2      | Reached ** piety under Hepliaklqana
   956 | D:2      | Remembered your ancestor J Lo as a hexer
   960 | D:2      | Found Zehuxoil's Antique Weapon Emporium.
   962 | D:2      | Bought a scroll of identify for 20 gold pieces
   966 | D:2      | Reached skill level 2 in Transmutations
   990 | D:2      | Noticed Robin
  1007 | D:2      | Killed Robin
  1008 | D:2      | Reached skill level 1 in Invocations
  1010 | D:2      | Reached XP level 4. HP: 3/27 MP: 2/7
  1196 | D:2      | Found Cikicoi's Jewellery Boutique.
  1240 | D:2      | Found Zycint's Jewellery Boutique.
  1251 | D:2      | Found an opulent altar of Gozag.
  1259 | D:2      | Found Hagitisk's Antique Weapon Shoppe.
  1316 | D:2      | Reached skill level 1 in Fighting
  1711 | D:3      | Reached XP level 5. HP: 29/33 MP: 8/8
  1716 | D:3      | Learned a level 4 spell: Petrify
  1745 | D:3      | Reached skill level 3 in Transmutations
  2274 | D:3      | Reached *** piety under Hepliaklqana
  2364 | D:3      | Reached skill level 1 in Short Blades
  2630 | D:4      | Reached XP level 6. HP: 38/38 MP: 6/9
  2722 | D:4      | Found a hide-covered altar of Uskayaw.
  2766 | D:4      | Reached skill level 4 in Transmutations
  2841 | D:4      | Noticed Natasha
  2846 | D:4      | Killed Natasha
  3151 | D:4      | Noticed Natasha
  3154 | D:4      | Killed Natasha
  3671 | D:5      | Entered Level 5 of the Dungeon
  3685 | D:5      | Reached skill level 5 in Earth Magic
  3834 | D:5      | Reached XP level 7. HP: 43/43 MP: 3/10
  4103 | D:5      | Reached skill level 5 in Transmutations
  4237 | D:5      | Reached **** piety under Hepliaklqana
  4241 | D:5      | Found a staircase to the Ecumenical Temple.
  4531 | D:5      | Found a shadowy altar of Dithmenos.
  4804 | D:6      | Reached skill level 6 in Transmutations
  4805 | D:6      | Reached XP level 8. HP: 26/48 MP: 8/11
  4919 | D:4      | Noticed Natasha
  4923 | D:4      | Killed Natasha
  5012 | Temple   | Entered the Ecumenical Temple
  5082 | D:6      | Found a shimmering altar of Xom.
  5082 | D:6      | Found a shimmering altar of Xom.
  5132 | D:6      | Reached skill level 7 in Transmutations
  5157 | D:6      | Noticed Grinder
  5167 | D:6      | Killed Grinder
  5202 | D:6      | Reached skill level 5 in Short Blades
  5202 | D:6      | Reached skill level 8 in Transmutations
  5202 | D:6      | Reached XP level 9. HP: 42/53 MP: 10/12
  5394 | D:6      | Noticed Duvessa
  5398 | D:6      | Noticed Dowan
  5403 | D:6      | Killed Duvessa
  5405 | D:6      | Killed Dowan
  5487 | D:6      | Found a shimmering altar of Xom.
  5488 | D:6      | Found a shimmering altar of Xom.
  5488 | D:6      | Found a shimmering altar of Xom.
  5491 | D:6      | Found a shimmering altar of Xom.
  5491 | D:6      | Found a shimmering altar of Xom.
  5498 | D:6      | Noticed a two-headed ogre
  5510 | D:6      | Found a transporter.
  5512 | D:6      | Noticed a gargoyle
  5513 | D:6      | Found a transporter.
  5523 | D:6      | Found an iron altar of Okawaru.
  5647 | D:6      | Found a snail-covered altar of Cheibriados.
  5786 | D:7      | Identified the +0 helmet of the Bulwark {Harm}
  6047 | D:7      | Found a blossoming altar of Fedhas.
  6091 | D:7      | Found a shimmering blue altar of Sif Muna.
  6235 | D:8      | Reached skill level 9 in Transmutations
  6249 | D:8      | Noticed an efreet
  6279 | D:8      | Reached ***** piety under Hepliaklqana
  6307 | D:8      | Killed an efreet
  6354 | D:8      | Identified a scroll of acquirement
  6356 | D:8      | Acquired the Secrets of Sculpting
  6437 | D:8      | Noticed Pikel
  6446 | D:8      | Killed Pikel
  6447 | D:8      | Reached skill level 1 in Unarmed Combat
  6447 | D:8      | Reached XP level 10. HP: 48/59 MP: 11/13
  6625 | D:8      | Found Iducs's Weapon Boutique.
  6863 | D:2      | Bought a glowing rapier for 189 gold pieces
  6877 | D:2      | Learned a level 6 spell: Statue Form
  7090 | D:8      | Found a sparkling altar of Nemelex Xobeh.
  7097 | D:8      | Reached skill level 10 in Transmutations
  7351 | D:9      | Noticed a two-headed ogre
  7413 | D:9      | Reached skill level 10 in Earth Magic
  7613 | D:9      | Killed a two-headed ogre
  7883 | D:9      | Reached skill level 11 in Transmutations
  7987 | D:10     | Entered Level 10 of the Dungeon
  7994 | D:10     | Found an opulent altar of Gozag.
  8228 | D:10     | Noticed a skeletal warrior
  8228 | D:10     | Noticed a skeletal warrior
  8229 | D:10     | Noticed a gargoyle
  8229 | D:10     | Noticed a skeletal warrior
  8265 | D:10     | HP: 2/63 [poisoned by a killer bee]
  8286 | D:10     | Slain by a killer bee

Illustrated notes

Levels and vault maps discovered:
D:1:      nicolae_arrival_memento_mori, layout_basic,
          ebering_ecumenical_altar_webs
D:2:      layout_basic, basic_altar, serial_shops, shop,
          nicolae_shop_hallway_plus, nicolae_shop_overgrown_old_shop, shop,
          shop_statue, uniq_robin
D:3:      corexii_shack_village, layout_loops_ring, st_stairs_13, minivault_24
D:4:      layout_basic, mainiacjoe_overflow_surrounded_room, uniq_natasha
D:5:      layout_gridville, grunt_dithmenos_shadows,
          minmay_temple_entry_butterflies, minmay_crossroads
D:6:      layout_layer_cave, nicolae_xom_altar_mimics, kennysheep_slug_shrine,
          gammafunk_temple_overflow_arena, uniq_duvessa, uniq_grinder
D:7:      layout_basic, mainiacjoe_overflow_cross_hatched,
          general_overflow_altar
D:8:      layout_basic, nemelex_spade_bored_becter, serial_shops,
          nicolae_shop_bloodbath_and_beyond, minmay_misc_feat_plants,
          minmay_radiant, uniq_pikel
D:9:      layout_rooms, grunt_decor_mini_mirrors
D:10:     okawaru_arena_lexackson, layout_irregular_city,
          nzn_wu_jian_contemplation, grunt_gozag_breadcrumbs,
          erik_lair_orcish_takeover, grunt_potential
Temple:   nicolae_temple_hex_pool

Skill      XL: |  1  2  3  4  5  6  7  8  9 10 |
---------------+-------------------------------+-----
Transmutations | 2 3 4 6 8 9 11 | 11.3
Invocations    | 1 |  1.2
Fighting       | 1 3 |  3.5
Earth Magic    | 4 5 6 7 9 10 | 10.8
Short Blades   | 1 2 3 5 6 |  6.3
Unarmed Combat | 1 3 |  3.9
Dodging        | |  2.6
Stealth        | |  3.6
Spellcasting   | |  2.3

Action                   |  1- 3 |  4- 6 |  7- 9 | 10-12 || total
-------------------------+-------+-------+-------+-------++-------
Melee: Short sword       |     8 |       |       |       ||     8
       Bite              |     1 |     3 |     3 |     8 ||    15
       Dagger            |       |    38 |    11 |     5 ||    54
       Punch             |       |     2 |       |     7 ||     9
       Rapier            |       |       |       |    68 ||    68
 Cast: Sandblast         |    35 |    89 |   134 |    16 ||   274
       Petrify           |       |       |     1 |       ||     1
Invok: Ancestor Life: He |     1 |       |       |       ||     1
       Ancestor Identity |     1 |       |       |       ||     1
 Abil: Bat Form          |       |       |       |     1 ||     1
       Exsanguinate      |       |       |       |     1 ||     1
  Use: Scroll            |       |     4 |     6 |     3 ||    13
 Stab: Confused          |       |     1 |       |     1 ||     2
       Sleeping          |       |     1 |       |       ||     1
       Petrified         |       |       |     2 |       ||     2
       Petrifying        |       |       |     1 |       ||     1
       Distracted        |       |       |       |     1 ||     1
Armor: Robe              |     4 |     1 |       |       ||     5
       Ring mail         |       |     4 |    18 |    34 ||    56
Dodge: Dodged            |    29 |    33 |    42 |    90 ||   194

Table legend: (Time is in decaauts)
 A = Elapsed time spent in this place.
 B = Non-inter-level travel time spent in this place.
 C = Inter-level travel time spent in this place.
 D = Time resting spent in this place.
 E = Time spent auto-exploring this place.
 F = Levels seen in this place.
 G = Mean time per level.
                   A        B        C        D        E       F      G
               +--------+--------+--------+--------+--------+-----+--------+
         Total |   8411 |   7676 |    735 |    590 |   5493 |  11 |  764.6 |
       Dungeon |   8409 |   7674 |    735 |    590 |   5493 |  10 |  840.9 |
        Temple |      1 |      1 |      0 |      0 |      0 |   1 |    1.0 |
               +--------+--------+--------+--------+--------+-----+--------+

Top non-repeatable levels by time:
     D:5: 1445 daAuts
     D:4: 1198 daAuts
     D:3: 1133 daAuts
     D:8: 908 daAuts
     D:1: 855 daAuts
     D:2: 792 daAuts
     D:6: 688 daAuts
     D:9: 630 daAuts
     D:7: 468 daAuts
    D:10: 287 daAuts
  Temple: 1 daAuts
